 Dungeon Crawl Stone Soup version 0.16-a0-3465-g53c7d0b (webtiles) character file.

52 Kemay the Changer (level 3, 0/23 HPs)
             Began as an Octopode Transmuter on Jan 2, 2015.
             Shot with a stone by a goblin (4 damage)
             ... led by Robin
             ... on level 2 of the Dungeon.
             The game lasted 00:03:39 (1713 turns).

Kemay the Changer (Octopode Transmuter)             Turns: 1713, Time: 00:03:40

Health: 0/23       AC:  2    Str:  9    XL:     3   Next: 85%
Magic:  4/6        EV: 19    Int: 16    God:
Gold:   53         SH:  0    Dex: 17    Spells: 2 memorised, 2 levels left

rFire  . . .     SeeInvis .       - Unarmed
rCold  . . .     Clarity  .     (shield currently unavailable)
rNeg   . . .     SustAb   .     (helmet currently unavailable)
rPois  x         Gourm    .     (no amulet)
rElec  .         Spirit   .     (no ring)
rCorr  .         Warding  .     (no ring)
rMut   .         Stasis   .     (no ring)
MR     .....                    (no ring)
Stlth  ++........               (no ring)
                                (no ring)
                                (no ring)
                                (no ring)

@: spider-form (expiring), not resistant to hostile enchantments, unstealthy
A: almost no armour, amphibious, 8 rings, (constrict 8), (camouflage 0),
(gelatinous body 0)
a: End Transformation


You were on level 2 of the Dungeon.
You were not hungry.
You were a venomous arachnid creature.
You visited 1 branch of the dungeon, and saw 2 of its levels.

You collected 53 gold pieces.

Inventory:

Scrolls
 b - a scroll of teleportation
Potions
 e - a potion of restore abilities
 g - a potion of might
 h - 2 potions of brilliance {unknown}
 i - a potion of poison {unknown}
 k - a potion of flight {unknown}
Books
 d - a book of Changes

   Spells                             Type                      Level
   a - Beastly Appendage              Transmutation                1
   b - Sticks to Snakes               Transmutation                2
   c - Spider Form                    Transmutation/Poison         3
   d - Ice Form                       Ice/Transmutation            4
   e - Blade Hands                    Transmutation                5
Comestibles
 a - 2 bread rations
 c - 3 beef jerkies
 f - 2 meat rations
 j - 5 fruits
 l - a chunk of flesh


   Skills:
 - Level 1.0 Fighting
 - Level 2.0 Dodging
 - Level 3.0 Unarmed Combat
 - Level 2.0 Spellcasting
 + Level 3.7 Transmutations
 + Level 1.3 Poison Magic


You had 2 spell levels left.
You knew the following spells:

 Your Spells              Type           Power        Failure   Level  Hunger
a - Beastly Appendage     Trmt           ##....       17%         1    #......
b - Spider Form           Trmt/Pois      #.........   41%         3    ###....


Dungeon Overview and Level Annotations

Branches:
Dungeon (2/15)

Altars:
Dithmenos
Fedhas

Annotations:
D:2 exclusion: 2 gnolls


Innate Abilities, Weirdness & Mutations

You cannot wear most types of armour.
You are amphibious.
You can wear up to eight rings at the same time.
((You can use your tentacles to constrict many enemies at once.))
((Your skin changes colour to match your surroundings (Stealth).))
((Your rubbery body absorbs attacks (AC +1).))


Message History

You kill Robin!
Your Poison Magic skill increases to level 1!
The goblin unwields an uncursed club.
The goblin wields a hunting sling.
The goblin shoots a stone.
The stone misses you.
You barely miss the goblin. The goblin barely misses you.
You barely miss the goblin. You hit the goblin.
You kill the goblin!
The goblin hits you with a dagger.
You barely miss the goblin.
The goblin shouts!
The goblin completely misses you.
You hit the goblin but do no damage.
The goblin is poisoned.
Your transformation is almost over.
The goblin shoots a stone.
The stone hits you. The goblin closely misses you.
The goblin shouts!
The hobgoblin shouts!
The goblin barely misses you. The goblin hits you with a dagger.
* * * LOW HITPOINT WARNING * * *
The goblin barely misses you.
The goblin shoots a stone.
The stone hits you.
You die...

#.......#............# #....#
#.......#............# #....#
#.......#............# #....#
#.............>......# #.....
######.........###'#####.....
#..................###..
####...............# ###
##########...gg.......>..#
#............s.(g..gg....#
#.........<.####).g......#
#...........#............#
#...........#............#
#........(..#....########..?..
#...........#....# .....
#...........#....# .....
#...........###### .!
#............# .


You could see a hobgoblin and 5 goblins.

Vanquished Creatures
  Robin (D:2)
  A giant gecko (D:2)
  3 bats (D:1)
  7 goblins
  3 hobgoblins (D:1)
  10 kobolds
  4 giant cockroaches (D:1)
  3 jackals (D:1)
  6 rats
38 creatures vanquished.

Notes
Turn   | Place    | Note
--------------------------------------------------------------
     0 | D:1      | Kemay, the Octopode Transmuter, began the quest for the Orb.
     0 | D:1      | Reached XP level 1. HP: 13/13 MP: 3/3
   232 | D:1      | Reached XP level 2. HP: 5/18 MP: 4/4
   747 | D:1      | Reached XP level 3. HP: 23/23 MP: 4/6
   755 | D:1      | Learned a level 3 spell: Spider Form
  1338 | D:2      | Found a blossoming altar of Fedhas.
  1398 | D:2      | Found a shadowy altar of Dithmenos.
  1616 | D:2      | Noticed Robin
  1704 | D:2      | Killed Robin
  1704 | D:2      | Reached skill level 1 in Poison Magic
  1713 | D:2      | Shot with a stone by a goblin

Action                   || total
-------------------------++-------
Melee: Unarmed           ||    85
 Cast: Beastly Appendage ||     8
       Spider Form       ||     1
  Use: Scroll            ||     4
 Stab: Sleeping          ||     2
       Distracted        ||     1
  Eat: Chunk             ||     3
